 Dungeon Crawl Stone Soup version 0.29-a0-609-gb56f46d856 (webtiles) character file.

Game seed: 15371634522123905684

266 KristoblXynda the Skirmisher (level 6, 0/72 HPs)
             Began as a Demonspawn Berserker on June 16, 2022.
             Was a Believer of Trog.
             Succumbed to a scorpion's poison
             ... on level 3 of the Dungeon.
             The game lasted 00:02:33 (2596 turns).

KristoblXynda the Skirmisher (Demonspawn Berserker) Turns: 2596, Time: 00:02:34

Health: 0/72       AC: 23    Str: 16 (19) XL:     6   Next: 0%
Magic:  6/6        EV:  2    Int:  7 (9)  God:    Trog [**....]
Gold:   111        SH:  0    Dex:  9 (12) Spells: 5/5 levels left

rFire   . . .      SeeInvis .   a - +0 hand axe
rCold   . . .      Faith    .   (no shield)
rNeg    + . .      Spirit   .   (body armour currently unavailable)
rPois   +          Reflect  .   (helmet currently unavailable)
rElec   .          Harm     .   (cloak currently unavailable)
rCorr   .          Rampage  .   (gloves currently unavailable)
Will    .....      NoTele   +   (boots currently unavailable)
Stlth   +.........              (no amulet)
HPRegen 0.22/turn               r - ring of positive energy
MPRegen 0.10/turn               (no ring)

@: lethally poisoned (0 -> -24), tree-form, on berserk cooldown, hasted, very
quick
A: stationary, stasis, torment immunity, boosted hp, repulsion field 1, demonic
guardian 1, (antennae 1), wild magic 1
a: Renounce Religion, Berserk, Trog's Hand


You were on level 3 of the Dungeon.
You worshipped Trog.
Trog was pleased with you.
You were a tree.
You visited 1 branch of the dungeon, and saw 3 of its levels.

You collected 111 gold pieces.

Inventory:

Hand Weapons
 a - a +0 hand axe (weapon)
Armour
 e - a +0 ring mail (melded)
 h - a +0 pair of gloves (melded)
Jewellery
 r - a ring of positive energy (left branch)
Scrolls
 c - a scroll of amnesia {unknown}
 f - a scroll of immolation {unknown}
 g - a scroll of teleportation {unknown}
 i - a scroll of enchant armour {unknown}
 k - 3 scrolls of noise {unknown}
 n - 2 scrolls of identify {unknown}
 o - a scroll of fog {unknown}
 p - a scroll of silence {unknown}
Potions
 j - a potion of heal wounds {unknown}
 l - a potion of curing {unknown}
 q - 2 potions of degeneration


   Skills:
 + Level 4.1 Fighting
 * Level 4.0 Axes
 + Level 3.1 Armour
 + Level 3.1 Dodging


You had 5 spell levels left.
You didn't know any spells.
Your spell library contained the following spells:

 Spells                   Type           Power      Damage    Failure   Level
 Beastly Appendage        Tmut           0%         N/A       52%         1
 Sublimation of Blood     Necr           0%         N/A       65%         2
 Wereblood                Tmut           0%         N/A       65%         2
 Spider Form              Tmut/Pois      0%         N/A       86%         3
 Summon Hydra             Summ           0%         N/A       100%        7


Dungeon Overview and Level Annotations

Branches:
Dungeon (3/15)

Altars:


Innate Abilities, Weirdness & Mutations

You are a tree.
Your roots penetrate the ground, keeping you stationary.
You cannot be teleported.
You are immune to unholy pain and torment.
Your maximum health is greatly increased.
Your equipment is partially melded.
You are surrounded by a mild repulsion field. (EV +2)
A weak demonic guardian rushes to your aid.
((You have a pair of small antennae on your head.))
Your spells are a little harder to cast, but a little more powerful.


Message History

It was a potion of haste.
You feel yourself speed up.
You feel very sick. The scorpion closely misses you.
Unknown command.
You hit the scorpion.
The scorpion is heavily wounded.
You feel very sick.
The scorpion stings you but does no damage.
The scorpion barely misses you.
You closely miss the scorpion.
The scorpion is heavily wounded.
You feel sick. The scorpion barely misses you.
You hit the scorpion but do no damage.
The scorpion is heavily wounded.
You feel sick. The scorpion stings you.
You barely miss the scorpion.
The scorpion is heavily wounded.
You feel sick. The scorpion barely misses you. The scorpion stings you.
* * * LOW HITPOINT WARNING * * *
The scorpion attacks as you move away! The scorpion stings you.
* * * LOW HITPOINT WARNING * * *
You are lethally poisoned!
The scorpion poisons you!
You feel yourself speed up.
* * * LOW HITPOINT WARNING * * *
You feel very sick.
You see here an adder corpse.
It was a potion of degeneration.
There was something very wrong with that liquid.
You feel weakened.
You feel dopey.
You feel clumsy.
* * * LOW HITPOINT WARNING * * *
You feel sick. The scorpion stings you.
* * * LOW HITPOINT WARNING * * *
A demonic guardian appears!
You are more poisoned.
The scorpion poisons you!
It was a potion of lignification.
You turn into a tree.
Your +0 pair of gloves melds into your body.
Your +0 ring mail melds into your body.
Your roots penetrate the ground.
You die...

#.# #.# ##### ##.##
#...#######..>#######.##.
##.#.........#............
...........#...#.#.##..##
.##.######.##.##.#.##..#
.##.# #.##...†.!....#
.##.# #.#####♣#)##.##
.##.######.##..s......#
................5......#
.##.######....##.#.....#
.##.# #.... #.###...#
.##.. #.## #.# ...# .###.#
# #.# ...# .# .# #.. .. .#
.# ##


You could see a scorpion (ally target) and a friendly shadow imp (summoned).

Vanquished Creatures
  Sigmund (D:2)
  Jessica (D:2)
  An adder (D:3)
  A worm (D:2)
  A dart slug (D:1)
  An orc (D:3)
  5 bats
  11 endoplasms
  6 giant cockroaches
  2 goblins (D:2)
  9 hobgoblins
  5 jackals
  A quokka (D:1)
  4 frilled lizards
  5 kobolds
  5 rats (D:1)
59 creatures vanquished.

Vanquished Creatures (others)
  18 demonic plants (D:2)
  5 fungi (D:2)
  5 plants (D:2)
  4 withered plants (D:2)
32 creatures vanquished.

Grand Total: 91 creatures vanquished

Notes
Turn   | Place    | Note
-------+----------+-------------------------------------------
     0 | D:1      | KristoblXynda the Demonspawn Berserker began the quest for
                  | the Orb.
     0 | D:1      | Reached XP level 1. HP: 18/18 MP: 1/1
    30 | D:1      | Gained mutation: You are surrounded by a mild repulsion
                  | field. (EV +2) [demonic ancestry]
    30 | D:1      | Reached XP level 2. HP: 16/24 MP: 2/2
   923 | D:1      | Gained mutation: A weak demonic guardian rushes to your
                  | aid. [demonic ancestry]
   923 | D:1      | Reached XP level 3. HP: 23/29 MP: 3/3
   927 | D:1      | Reached ** piety under Trog
  1323 | D:2      | Noticed Sigmund
  1335 | D:2      | Killed Sigmund
  1336 | D:2      | Reached XP level 4. HP: 24/37 MP: 4/4
  1336 | D:2      | Reached XP level 5. HP: 27/42 MP: 5/5
  1910 | D:2      | Found a faded altar of an unknown god.
  2198 | D:2      | Noticed Jessica
  2207 | D:2      | Killed Jessica
  2573 | D:3      | Reached XP level 6. HP: 48/48 MP: 6/6
  2588 | D:3      | Gained mutation: You have a pair of small antennae on your
                  | head. [potion of mutation]
  2588 | D:3      | Gained mutation: Your spells are a little harder to cast,
                  | but a little more powerful. [potion of mutation]
  2595 | D:3      | HP: 2/48 [scorpion (3)]
  2596 | D:3      | Succumbed to a scorpion's poison

Illustrated notes

Levels and vault maps discovered:
D:1:      dpeg_arrival_rooms_with_view, layout_basic, minmay_vboxes
D:2:      layout_loops_corners, shapermc_ecumenical_altar_gd, uniq_jessica,
          uniq_sigmund
D:3:      layout_loops_ring

Skill      XL: |  1  2  3  4  5 |
---------------+----------------+-----
Armour         | 2 3 |  3.1
Dodging        | 2 3 |  3.1
Axes           | 3 4 |  4.0
Fighting       | 4 |  4.1

Action                   |  1- 3 |  4- 6 || total
-------------------------+-------+-------++-------
Melee: Hand axe          |   111 |   111 ||   222
       Punch             |     1 |     1 ||     2
Invok: Berserk           |     2 |     1 ||     3
  Use: Potion            |       |     4 ||     4
Armor: Animal skin       |     4 |       ||     4
       Ring mail         |    29 |    65 ||    94
Dodge: Dodged            |    87 |    78 ||   165

Table legend: (Time is in decaauts)
 A = Elapsed time spent in this place.
 B = Non-inter-level travel time spent in this place.
 C = Inter-level travel time spent in this place.
 D = Time resting spent in this place.
 E = Time spent auto-exploring this place.
 F = Levels seen in this place.
 G = Mean time per level.
                   A        B        C        D        E       F      G
               +--------+--------+--------+--------+--------+-----+--------+
         Total |   2646 |   2614 |     32 |    487 |   1647 |   3 |  882.0 |
       Dungeon |   2646 |   2614 |     32 |    487 |   1647 |   3 |  882.0 |
               +--------+--------+--------+--------+--------+-----+--------+

Top non-repeatable levels by time:
     D:2: 1354 daAuts
     D:1: 1176 daAuts
     D:3: 115 daAuts
